Map: Nightshade LE

Players

Bittara - Winner!

  • Race: Terran Terran
  • Spawn Location: 5:00

antagomiR

  • Race: Protoss Protoss
  • League: Gold
  • Spawn Location: 11:00

VOD

Have the link to the VOD?

Description

Time

  • Played on: April 5, 2020, 1:29 p.m.
  • Length: 15:04
Show
View Real Time Build Order
Export as new Build Order

Bittara Terran - Winner!

Build Orders:  

Get SALT Encoding   

  12  0:01  SCV  
  13  0:13  SCV  
  14  0:18  Supply Depot  
  14  0:25  SCV  
  15  0:40  SCV  
  16  0:44  Barracks  
  16  0:49  Refinery  
  16  0:52  SCV  
  18  1:04  SCV  
  18  1:16  SCV  
  19  1:28  SCV  
  20  1:36  Command Center  
  20  1:40  Reaper  
  21  1:48  SCV, Supply Depot  
  22  2:00  Orbital Command  
  22  2:10  Factory  
  22  2:24  Refinery  
  22  2:27  Marine  
  23  2:33  SCV  
  24  2:45  Marine, SCV  
  25  3:01  Factory Tech Lab  
  25  3:03  Marine  
  26  3:15  Supply Depot  
  26  3:17  SCV  
  27  3:21  Marine  
  27  3:26  Supply Depot  
  28  3:29  SCV  
  28  3:33  Starport  
  28  3:34  Siege Tank  
  32  3:39  Marine  
  33  3:41  SCV  
  34  3:48  Orbital Command  
  34  3:54  SCV  
  35  3:59  Barracks  
  35  4:01  Barracks Tech Lab  
  35  4:06  SCV  
  36  4:11  Supply Depot  
  36  4:13  Engineering Bay  
  36  4:15  Medivac  
  38  4:18  SCV  
  38  4:20  SCV  
  40  4:30  Marine, SCV  
  42  4:32  SCV  
  42  4:35  Stimpack  
  43  4:40  Supply Depot  
  43  4:41  Terran Infantry Weapons Level 1  
  43  4:42  SCV  
  44  4:47  Marine  
  44  4:52  Barracks Reactor  
  45  4:56  Supply Depot  
  45  5:05  Factory  
  45  5:16  SCV, Barracks  
  45  5:17  SCV  
  45  5:20  Refinery  
  47  5:21  Refinery  
  47  5:27  Command Center  
  47  5:29  SCV x2  
  47  5:32  Siege Tank  
  52  5:42  Marine x3  
  55  5:50  Factory Tech Lab  
  55  5:59  Marine, Engineering Bay  
  55  6:00  Marine  
  54  6:23  Marine x4  
  58  6:26  Armory, Siege Tank  
  58  6:32  Siege Tank  
  64  6:34  SCV  
  65  6:40  Marine  
  65  6:41  Marine x3  
  69  6:51  SCV x2  
  71  6:58  Marine  
  71  6:59  Marine x3  
  75  7:03  SCV  
  75  7:04  SCV  
  75  7:05  Combat Shield  
  77  7:10  Siege Tank  
  77  7:15  SCV, Terran Infantry Weapons Level 2  
  80  7:16  SCV, Marine x3  
  80  7:17  Marauder  
  87  7:28  SCV x2  
  89  7:34  Marine x3, Siege Tank  
  89  7:36  SCV  
  96  7:38  Marine, Refinery  
  96  7:40  SCV x2  
  99  7:48  SCV  
  88  7:52  SCV x2, Marine x2  
  88  7:55  Siege Tank  
  93  8:00  SCV  
  93  8:04  SCV x2  
  96  8:06  Siege Tank  
  96  8:12  SCV  
  100  8:16  SCV  
  100  8:19  Supply Depot  
  101  8:21  Terran Infantry Armor Level 1  
  101  8:34  Supply Depot  
  101  8:35  Supply Depot x2  
  101  8:36  Refinery  
  101  8:37  Supply Depot  
  101  8:40  Marine x4, Medivac  
  107  8:41  Supply Depot  
  107  8:42  Planetary Fortress  
  107  8:56  Siege Tank  
  107  8:58  Marine x4, Siege Tank  
  117  9:10  Medivac  
  117  9:16  Marine x4  
  123  9:18  Starport  
  123  9:19  Starport  
  123  9:20  SCV  
  123  9:22  SCV x2, Starport  
  126  9:32  SCV  
  126  9:34  Marine x4  
  131  9:44  SCV  
  132  9:48  Starport Tech Lab  
  132  9:52  Marine x2  
  134  9:56  SCV  
  135  10:00  Viking  
  135  10:01  Viking x2  
  141  10:07  Marine x2  
  141  10:08  SCV  
  141  10:09  Marine x2  
  146  10:25  Marine x2  
  148  10:38  Supply Depot  
  148  10:43  Supply Depot  
  148  10:44  Supply Depot  
  148  10:58  Command Center  
  148  11:00  Medivac, Viking x2, Siege Tank  
  148  11:03  Supply Depot  
  157  11:05  Viking, Siege Tank  
  157  11:07  Supply Depot x2  
  159  11:26  Supply Depot  
  159  11:30  Medivac, Viking x2  
  161  11:35  Viking  
  130  12:05  Medivac x2  
  130  12:06  Medivac  
  130  12:08  Raven  
  136  12:10  Marine x4  
  136  12:14  Siege Tank  
  136  12:15  Siege Tank  
  148  12:17  Terran Vehicle Weapons Level 1  
  148  12:22  Armory  
  148  12:27  Marine x2  
  148  12:28  Marine x2  
  148  12:29  Refinery  
  152  12:33  Refinery  
  152  12:45  Marine x3  
  152  12:46  Marine  
  152  12:47  Siege Tank x2  
  162  13:03  Marine x2  
  165  13:12  Armory, Marauder  
  167  13:18  Barracks Reactor  
  167  13:19  Siege Tank x2  
  172  13:20  Concussive Shells  
  172  13:21  Marine x2  
  174  13:33  Marine  
  175  13:39  Marine x2  
  174  13:50  Marine  
  174  13:51  Siege Tank  
  156  13:57  Marine  
  138  14:09  Marine x3, Marauder  
  143  14:11  Hellion  
  143  14:14  Marine  
  146  14:23  Hellion  
  148  14:27  Marine x3  
  148  14:30  Marauder  
  153  14:32  Marine  
Show
View Real Time Build Order
Export as new Build Order

antagomiR Protoss 

Build Orders: Chargelot Immortal 

Get SALT Encoding   

  12  0:01  Probe  
  13  0:13  Probe  
  14  0:19  Pylon  
  14  0:25  Probe  
  15  0:38  Gateway  
  15  0:40  Probe  
  16  0:52  Probe  
  16  0:54  Assimilator  
  17  1:04  Probe  
  17  1:10  Assimilator  
  18  1:16  Probe  
  19  1:25  Cybernetics Core  
  19  1:28  Probe  
  20  1:43  Probe  
  21  1:55  Probe  
  21  1:58  Warp Gate (Chrono Boost)  
  22  2:07  Probe  
  23  2:10  Pylon  
  23  2:15  Robotics Facility  
  23  2:28  Probe, Adept (Chrono Boost)  
  26  2:40  Probe  
  27  3:07  Nexus  
  27  3:10  Pylon  
  27  3:14  Probe  
  28  3:20  Gateway  
  28  3:21  Observer  
  28  3:27  Probe  
  30  3:34  Sentry  
  30  3:39  Probe  
  33  3:42  Observer  
  33  3:46  Shield Battery  
  34  3:51  Probe, Pylon  
  34  3:54  Gateway  
  35  4:03  Probe  
  35  4:07  Sentry  
  38  4:12  Pylon  
  38  4:15  Probe  
  39  4:23  Twilight Council  
  39  4:25  Probe  
  39  4:28  Immortal  
  44  4:32  Sentry  
  46  4:40  Probe x2  
  48  4:52  Probe, Pylon  
  48  4:53  Probe  
  48  4:56  Zealot  
  52  5:05  Probe  
  53  5:17  Stalker  
  53  5:18  Stalker x2  
  59  5:22  Probe x2  
  59  5:23  Charge (Chrono Boost)  
  61  5:30  Shield Battery  
  61  5:34  Probe x2  
  63  5:43  Zealot  
  63  5:44  Immortal (Chrono Boost), Zealot  
  63  5:46  Probe  
  72  5:58  Sentry  
  74  6:22  Sentry x2  
  78  6:42  Assimilator  
  78  6:44  Assimilator  
  78  6:48  Pylon  
  78  7:03  Nexus  
  78  7:06  Probe x2, Pylon  
  78  7:07  Pylon, Immortal  
  84  7:13  Pylon  
  84  7:18  Pylon  
  84  7:19  Probe  
  84  7:21  Forge  
  84  7:22  Pylon  
  85  7:24  Shield Battery  
  85  7:25  Forge  
  85  7:31  Zealot  
  85  7:32  Zealot x2  
  91  7:46  Immortal  
  89  8:02  Probe  
  89  8:03  Probe, Colossus  
  91  8:06  Shield Battery  
  91  8:09  Photon Cannon  
  91  8:11  Photon Cannon  
  90  8:13  Protoss Ground Weapons Level 1 (Chrono Boost), Photon Cannon  
  90  8:14  Protoss Ground Armor Level 1 (Chrono Boost)  
  90  8:15  Probe x2  
  90  8:17  Assimilator  
  90  8:19  Assimilator  
  92  8:26  Gateway  
  92  8:27  Probe, Gateway  
  93  8:28  Gateway  
  93  8:29  Probe  
  93  8:30  Probe  
  95  8:39  Probe  
  95  8:40  Immortal  
  100  8:41  Probe  
  100  8:43  Sentry, Zealot  
  105  9:10  Sentry  
  105  9:11  Zealot x2  
  105  9:16  Probe x3  
  114  9:38  Templar Archives  
  114  9:57  Immortal  
  118  10:00  Zealot  
  118  10:01  Zealot x4  
  118  10:02  Zealot  
  130  10:20  Probe x3  
  133  10:27  Pylon  
  133  10:29  Pylon  
  133  10:31  Pylon  
  133  10:32  Probe  
  133  10:34  Pylon  
  134  10:36  Probe x2, Immortal  
  140  10:44  Probe  
  140  10:47  Zealot x2  
  145  10:54  Protoss Ground Weapons Level 2 (Chrono Boost)  
  145  10:56  Pylon, Protoss Ground Armor Level 2 (Chrono Boost)  
  145  10:58  Pylon  
  145  11:00  Pylon  
  145  11:10  Zealot x2  
  145  11:11  Zealot x3  
  151  11:12  Zealot  
  151  11:15  Immortal  
  161  11:37  Nexus  
  161  11:40  Pylon  
  161  11:43  Pylon  
  122  11:59  Immortal  
  126  12:01  Zealot x2  
  126  12:02  Zealot x3  
  126  12:03  Zealot  
  138  12:10  Probe x3  
  138  12:14  Shield Battery  
  141  12:16  Shield Battery  
  141  12:22  Probe x2, Photon Cannon  
  143  12:24  Photon Cannon  
  143  12:28  Photon Cannon  
  143  12:31  Assimilator  
  143  12:32  Zealot x4  
  143  12:33  Assimilator, Zealot x2  
  143  12:37  Pylon  
  155  12:38  Immortal  
  155  12:41  Pylon  
  158  12:44  Gateway x2  
  158  12:47  Gateway  
  158  12:49  Gateway  
  158  13:10  Zealot x3  
  158  13:11  Zealot  
  158  13:12  High Templar x2  
  170  13:16  Archon  
  170  13:18  Immortal  
  100  14:03  Zealot  
  100  14:04  Zealot  
  100  14:05  Zealot x4  
  100  14:06  Zealot x3  
  70  14:25  Zealot x2  
  70  14:26  Zealot x2  
  70  14:27  High Templar x2  
  70  14:28  High Templar x4  
  90  14:31  Archon x2  
  90  14:32  Archon  
  50  14:55  Zealot x2  
  50  14:56  Zealot x2  
Tags
 
League
Gold
Matchup
PvT
Replay Pack
20200422
Spawn Locations
Cross Positions
Add a new tag
Caveats
  • Supply blocks, unpowered buildings, or Contaminate may cause inaccurate times.
  • Supply counts are checked every 10 seconds.